 Dungeon Crawl Stone Soup version 0.24-a0-341-g52ca42d (webtiles) character file.

Game seed: 11076112366278934400

112 Aethirshero the Ruffian (level 4, 0/38 HPs)
             Began as a Ghoul Warper on May 21, 2019.
             Slain by an iron imp (3 damage)
             ... summoned by Natasha
             ... on level 3 of the Dungeon.
             The game lasted 00:06:44 (1516 turns).

Aethirshero the Ruffian (Ghoul Warper)              Turns: 1516, Time: 00:06:45

Health: 0/38       AC:  3    Str: 14    XL:     4   Next: 95%
Magic:  6/6        EV: 12    Int:  8    God:
Gold:   97         SH:  0    Dex:  9    Spells: 7/7 levels left

rFire    . . .     SeeInvis .     - Unarmed
rCold    + . .     Gourm    .   (no shield)
rNeg     + + +     Faith    .   a - +0 leather armour
rPois    ∞         Spirit   .   (no helmet)
rElec    .         Reflect  .   (no cloak)
rCorr    .         Harm     .   (no gloves)
MR       .....                  (no boots)
Stlth    +.........             (no amulet)
HPRegen  0.00/turn              (no ring)
MPRegen  0.10/turn              (no ring)

@: rotting, slowed, very slow
A: rotting body, claws 1, carnivore, cold resistance 1, negative energy
resistance 3, inhibited regeneration, torment resistance, unbreathing
a: no special abilities


You were on level 3 of the Dungeon.
You were not hungry.

You visited 1 branch of the dungeon, and saw 3 of its levels.

You collected 97 gold pieces.

Inventory:

Missiles
 d - 5 boomerangs of dispersal (quivered)
Armour
 a - a +0 leather armour (worn)
Scrolls
 c - a scroll of blinking
 e - a scroll of fear {unknown}
 h - a scroll of teleportation {unknown}
 i - a scroll of remove curse {unknown}
 j - a scroll of magic mapping {unknown}
 p - a scroll of random uselessness {unknown}
Potions
 b - a potion of mutation {unknown}
 g - 2 potions of curing {unknown}
 k - a potion of cancellation {unknown}
 m - a potion of might {unknown}
 n - 2 potions of degeneration {unknown}
 o - a potion of flight {unknown}
Comestibles
 f - 2 rations
 l - 5 chunks of flesh


   Skills:
 * Level 3.0 Fighting
 + Level 1.4 Throwing
 + Level 1.5 Armour
 + Level 2.3 Dodging
 + Level 1.6 Stealth
 * Level 3.1 Unarmed Combat
 + Level 2.1 Spellcasting
   Level 2.6 Translocations


You had 7 spell levels left.
You didn't know any spells.
Your spell library contained the following spells:

 Spells                   Type           Power        Failure   Level  Hunger
 Blink                    Tloc           N/A          22%         2    ###....
 Shroud of Golubria       Chrm/Tloc      #.........   36%         2    ###....
 Gell's Gravitas          Tloc           #.........   41%         3    ####...
 Lesser Beckoning         Tloc           #.........   41%         3    ####...
 Teleport Other           Tloc           #.......     41%         3    ####...
 Passage of Golubria      Tloc           N/A          82%         4    #####..


Dungeon Overview and Level Annotations

Branches:
Dungeon (3/15)

Altars:
Cheibriados
Nemelex Xobeh
Ru
The Shining One

Annotations:
D:3 Natasha


Innate Abilities, Weirdness & Mutations

Your body is rotting away.
You thrive on raw meat.
You are immune to poison.
You have sharp fingernails.
You are carnivorous and can eat meat at any time.
Your flesh is cold resistant. (rC+)
You are immune to negative energy. (rN+++)
You do not regenerate when monsters are visible.
You are immune to unholy pain and torment.
You can survive without breathing.


Message History

You closely miss Natasha.
Natasha is severely wounded.
Natasha claws you!
* * * LOW HITPOINT WARNING * * *
The iron imp closely misses you.
Natasha casts a spell.
You barely miss Natasha.
Natasha is severely wounded.
Natasha claws you.
* * * LOW HITPOINT WARNING * * *
The iron imp hits you.
* * * LOW HITPOINT WARNING * * *
Natasha stares at you and mumbles some strange words.
You resist with some effort.
Eat one of 6 chunks of flesh? (ye/n/q)
You eat one of the 6 chunks of flesh.
This raw flesh tastes great!
Natasha claws you.
* * * LOW HITPOINT WARNING * * *
The iron imp hits you.
You die...

#.###.###.#
#.........#
#..#####..#
....
#..#####
###
#......#
#.÷###.#
.#####..#
>.......##
###.###@5#
# ##h5..#
5.### ..#
..# ..# ...
..#


You could see an iron imp, Natasha, a white imp and a shadow imp.

Vanquished Creatures
  Natasha (D:3)
  An adder (D:2)
  4 worms
  2 dart slugs (D:2)
  A leopard gecko (D:3)
  2 orcs (D:3)
  8 bats
  6 giant cockroaches
  10 goblins
  4 hobgoblins
  7 jackals
  2 frilled lizards
  7 kobolds
  A rat (D:3)
56 creatures vanquished.

Notes
Turn   | Place    | Note
-------+----------+-------------------------------------------
     0 | D:1      | Aethirshero the Ghoul Warper began the quest for the Orb.
     0 | D:1      | Reached XP level 1. HP: 17/17 MP: 2/2
    59 | D:1      | Reached skill level 1 in Throwing
    60 | D:1      | Reached skill level 1 in Armour
    93 | D:1      | Reached XP level 2. HP: 23/25 MP: 3/3
   291 | D:1      | Reached XP level 3. HP: 25/30 MP: 4/4
   710 | D:2      | Found a sacrificial altar of Ru.
   710 | D:2      | Found a sparkling altar of Nemelex Xobeh.
   710 | D:2      | Found a glowing golden altar of the Shining One.
   764 | D:2      | Reached skill level 1 in Stealth
   783 | D:2      | Found a snail-covered altar of Cheibriados.
  1059 | D:2      | Reached XP level 4. HP: 36/37 MP: 6/6
  1479 | D:3      | Noticed Natasha
  1492 | D:3      | Killed Natasha
  1494 | D:3      | Noticed Natasha
  1516 | D:3      | Slain by an iron imp

Levels and vault maps discovered:
D:1:      dpeg_arrival_tiny_a, layout_loops_ring
D:2:      layout_rooms, old_standard_altar, gammafunk_temple_overflow_forgotten,
          lemuel_flame_loot_1
D:3:      layout_loops_ring, uniq_natasha

Skill      XL: |  1  2  3  4 |
---------------+-------------+-----
Throwing       | 1 |  1.4
Armour         | 1 |  1.5
Dodging        | 2 |  2.3
Spellcasting   | 2 |  2.1
Stealth        | 1 |  1.6
Unarmed Combat | 3 |  3.1
Fighting       | 3 |  3.0
Translocations | |  2.6

Action                   |  1- 3 |  4- 6 || total
-------------------------+-------+-------++-------
Melee: Unarmed           |   134 |    82 ||   216
       Punch             |       |     1 ||     1
 Stab: Sleeping          |       |     1 ||     1
  Eat: Chunk             |     9 |    13 ||    22
Armor: Leather armour    |    53 |    17 ||    70
Dodge: Dodged            |    93 |    44 ||   137

Table legend:
 A = Non-vault XP
 B = Vault XP
 C = Vault XP percentage of total XP
 D = Non-vault monster count
 E = Vault monster count
 F = Vault count percentage of total count
                 A         B        C        D         E       F
            +---------+---------+-------+---------+---------+-------
      Total |     128 |      33 |  20.5 |      55 |       1 |   1.8
            +---------+---------+-------+---------+---------+-------
        D:1 |      40 |       0 |   0.0 |      23 |       0 |   0.0
        D:2 |      49 |       0 |   0.0 |      16 |       0 |   0.0
        D:3 |      39 |      33 |  45.8 |      16 |       1 |   5.9
            +---------+---------+-------+---------+---------+-------
